Map: Deathaura LE

Players

soymilk

  • Race: Protoss Protoss
  • League: Diamond
  • Spawn Location: 5:00

lamycnd - Winner!

  • Race: Terran Terran
  • League: Diamond
  • Spawn Location: 11:00

VOD

Have the link to the VOD?

Description

Time

  • Played on: Dec. 27, 2020, 11:32 a.m.
  • Length: 7:10
Show
View Real Time Build Order
Export as new Build Order

soymilk Protoss 

Build Orders:  

Get SALT Encoding   

  12  0:01  Probe  
  13  0:13  Probe  
  14  0:19  Pylon  
  14  0:37  Pylon  
  14  0:39  Gateway  
  14  0:53  Probe  
  14  0:55  Gateway  
  15  1:01  Assimilator  
  15  1:08  Probe  
  16  1:26  Cybernetics Core  
  16  1:27  Zealot (Chrono Boost)  
  18  1:44  Zealot (Chrono Boost)  
  20  1:53  Zealot (Chrono Boost), Probe  
  23  2:05  Stalker (Chrono Boost)  
  24  2:14  Warp Gate  
  26  2:20  Adept (Chrono Boost)  
  26  2:31  Stalker (Chrono Boost)  
  26  2:47  Probe  
  27  2:55  Pylon  
  27  3:12  Nexus  
  21  3:28  Probe  
  22  3:36  Twilight Council  
  22  3:40  Probe  
  23  3:43  Gateway  
  23  3:52  Probe  
  22  4:05  Probe  
  22  4:09  Charge (Chrono Boost)  
  23  4:17  Probe  
  24  4:29  Robotics Facility, Probe x2 (Chrono Boost)  
  28  4:38  Probe (Chrono Boost)  
  28  4:39  Probe (Chrono Boost)  
  28  4:42  Stalker  
  28  4:43  Probe (Chrono Boost)  
  31  4:50  Probe  
  32  4:55  Gateway, Probe  
  32  4:56  Pylon  
  33  5:02  Probe  
  34  5:07  Probe  
  34  5:13  Warp Prism (Chrono Boost)  
  35  5:14  Probe  
  35  5:19  Probe  
  39  5:25  Gateway  
  39  5:26  Probe  
  40  5:28  Gateway  
  40  5:33  Gateway  
  40  5:36  Probe  
  42  5:43  Observer  
  42  5:45  Pylon  
  30  5:50  Gateway  
  27  6:11  Probe  
  27  6:12  Probe  
  29  6:19  Zealot  
  29  6:20  Zealot  
  31  6:54  Zealot x5  
  33  6:55  Zealot  
  33  6:58  Probe  
Show
View Real Time Build Order
Export as new Build Order

lamycnd Terran - Winner!

Build Orders: Reaper Expand 

Get SALT Encoding   

  12  0:00  SCV  
  13  0:12  SCV  
  14  0:17  Supply Depot  
  14  0:24  SCV  
  15  0:38  SCV  
  15  0:40  Barracks  
  16  0:44  Refinery  
  16  0:50  SCV  
  17  1:03  SCV  
  18  1:15  SCV  
  19  1:27  Orbital Command  
  19  1:28  Reaper  
  20  1:43  Command Center  
  20  1:53  SCV  
  21  2:00  Marine  
  21  2:01  Supply Depot  
  21  2:05  Bunker  
  21  2:09  SCV  
  22  2:18  Factory  
  22  2:21  Marine  
  23  2:28  SCV  
  24  2:30  Refinery  
  22  2:47  Barracks Reactor, SCV  
  23  2:59  SCV  
  24  3:12  SCV  
  22  3:20  Orbital Command  
  22  3:26  Widow Mine  
  24  3:27  Starport, Marine x2  
  24  3:31  SCV  
  27  3:43  SCV  
  27  3:46  SCV  
  27  3:47  Widow Mine  
  31  3:58  Marine x2  
  32  4:03  SCV  
  32  4:04  SCV  
  34  4:16  Medivac  
  36  4:18  Widow Mine  
  36  4:20  SCV x2  
  40  4:27  Marine, Supply Depot  
  40  4:28  Marine  
  42  4:32  SCV x2  
  44  4:46  Factory Tech Lab  
  44  4:47  Starport Tech Lab  
  44  4:51  Barracks, SCV x2  
  46  4:53  Barracks  
  46  4:58  Marine x2  
  48  5:01  Supply Depot  
  48  5:03  SCV x2  
  50  5:10  Engineering Bay  
  50  5:14  Refinery  
  50  5:15  SCV x2  
  52  5:23  Supply Depot  
  52  5:25  Factory Reactor  
  52  5:27  Starport Reactor, SCV x2  
  54  5:29  Bunker  
  54  5:34  Marine x2  
  56  5:47  Supply Depot  
  56  5:52  Marine  
  57  6:01  Marine  
  59  6:08  Widow Mine x2  
  59  6:11  SCV x2  
  64  6:16  Supply Depot, Marauder x2  
  68  6:23  SCV x2  
  70  6:35  SCV x2  
  70  6:38  Marauder x2  
  76  6:46  Marine  
  76  6:47  Marine  
  77  6:48  Widow Mine x2  
Tags
 
Add a new tag
Caveats
  • Supply blocks, unpowered buildings, or Contaminate may cause inaccurate times.
  • Supply counts are checked every 10 seconds.